 Dungeon Crawl Stone Soup version 0.30.2 (webtiles) character file.

Game seed: 6892527556112325742

4 porpoise the Changer (level 1, -1/15 HPs)
             Began as a Demonspawn Wanderer on Feb 7, 2024.
             Slain by a quokka (4 damage)
             ... on level 1 of the Dungeon.
             The game lasted 00:01:48 (216 turns).

porpoise the Changer (Demonspawn Wanderer)           Turns: 216, Time: 00:01:48

Health: -1/15      AC:  6    Str: 10    XL:     1   Next: 50%
Magic:  2/2        EV:  8    Int: 15    God:
Gold:   39         SH:  0    Dex: 12    Spells: 1/2 levels left

rFire   . . .        a - +0 dagger
rCold   + . .        (no shield)
rNeg    . . .        e - +2 leather armour {rC+}
rPois   .            (no helmet)
rElec   .            (no cloak)
rCorr   .            (no gloves)
SInv    .            f - +0 pair of boots
Will    .....        (no amulet)
Stlth   +            (no ring)
HPRegen 0.22/turn    (no ring)
MPRegen 0.08/turn

%: no passive effects
@: constricted
A: no striking features
a: no special abilities


You were on level 1 of the Dungeon.
You visited 1 branch of the dungeon, and saw 1 of its levels.

You collected 39 gold pieces.

Inventory:

Hand Weapons
 a - a +0 dagger (weapon)
Armour
 c - a +0 robe
 e - a +2 leather armour of cold resistance (worn)
 f - a +0 pair of boots (worn)
Wands
 d - a wand of polymorph (3) (quivered)
Scrolls
 g - a scroll of identify {unknown}
Potions
 b - a potion of curing


   Skills:
 + Level 1.1 Fighting
 - Level 1.7 Dodging
 - Level 1.0 Stealth
 + Level 1.1 Spellcasting
 + Level 1.2 Summonings
 - Level 1.7 Transmutations
 - Level 1.2 Invocations
 - Level 1.0 Evocations


You had one spell level left.
You knew the following spells:

 Your Spells              Type           Power      Damage    Failure   Level
a - Summon Small Mammal   Summ           16%        N/A       21%         1

Your spell library contained the following spells:

 Spells                   Type           Power      Damage    Failure   Level
 Sting                    Tmut/Pois      12%        1d3       22%         1
 Call Canine Familiar     Summ           4%         N/A       52%         3
 Ignite Poison            Fire/Tmut/Pois 2%         N/A       61%         3
 Petrify                  Tmut/Erth      3%         N/A       92%         4


Dungeon Overview and Level Annotations

Branches:
Dungeon (1/15)

Altars:


Message History

The ball python constricts you.
* * * LOW HITPOINT WARNING * * *
You escape the ball python's grasp.
The quokka attacks as you move away! The quokka barely misses you.
The quokka bites you but does no damage.
You miss the quokka.
The quokka is severely wounded.
The quokka misses you. The ball python misses you. The ball python grabs you.
The ball python constricts you.
You completely miss the ball python. The ball python closely misses you.
The quokka completely misses you. The ball python bites you.
* * * LOW HITPOINT WARNING * * *
The ball python constricts you.
You hit the ball python.
The ball python is heavily wounded.
The ball python bites you but does no damage.
The quokka twitches its whiskers.
The quokka closely misses you.
The ball python bites you but does no damage.
The ball python constricts you.
You hit the ball python.
The ball python is severely wounded.
The ball python barely misses you. The quokka barely misses you.
The ball python bites you.
* * * LOW HITPOINT WARNING * * *
The ball python constricts you.
The ball python bites you but does no damage.
You completely miss the ball python.
The ball python is severely wounded.
The quokka bites you but does no damage.
The ball python bites you but does no damage.
The ball python constricts you.
The ball python bites you but does no damage.
The quokka bites you but does no damage.
You barely miss the ball python.
The ball python is severely wounded.
The ball python bites you but does no damage.
The ball python constricts you. The ball python misses you.
The quokka bites you.
You die...

##.......#................
#........#.##....####.....
#........#.......# #.....
#........#>...[..# .......
#....#...#........ .......
#....#...#........ .....#
#....#...#........ ....#
#........SS....... .. #
#........@r.......
#.................
#................. .
#............#.... .
##..........#...# .
#.....###### ... . ......
#. . ...... . .


You could see a quokka and 2 ball pythons.

Vanquished Creatures
  A giant cockroach (D:1)
  A goblin (D:1)
  A hobgoblin (D:1)
3 creatures vanquished.

Notes
Turn   | Place    | Note
-------+----------+-------------------------------------------
     0 | D:1      | porpoise the Demonspawn Wanderer began the quest for the
                  | Orb.
     0 | D:1      | porpoise set off with the following items: a +0 dagger, a
                  | potion of curing, a +0 robe, a wand of polymorph (3); and
                  | the following spells available to memorise: Summon Small
                  | Mammal, Sting, Call Canine Familiar, Ignite Poison,
                  | Petrify.
     0 | D:1      | Reached XP level 1. HP: 15/15 MP: 2/2
     2 | D:1      | Learned a level 1 spell: Summon Small Mammal
   216 | D:1      | Slain by a quokka

Illustrated notes

Levels and vault maps discovered:
D:1:      matt_arrival_diagonals, layout_basic,
          dreamdust_ecumenical_altar_angels_and_demons, reono_crystal_passage

Action                     || total
---------------------------++-------
  Melee: Dagger            ||    39
         Punch             ||     1
 Armour: Leather armour    ||    28
  Dodge: Dodged            ||    34
